 Dungeon Crawl Stone Soup version 0.18-a0-1772-gce6d5cf (webtiles) character file.

48 Geeful the Skirmisher (level 4, -2/29 HPs)
             Began as a Kobold Berserker on Apr 14, 2016.
             Was a Follower of Trog.
             Slain by a gnoll
             ... wielding a cursed +0 spear
              (7 damage)
             ... on level 2 of the Dungeon.
             The game lasted 00:03:27 (1026 turns).

Geeful the Skirmisher (Kobold Berserker)            Turns: 1026, Time: 00:03:27

Health: -2/29      AC: 10    Str: 16    XL:     4   Next: 0%
Magic:  4/4        EV: 14    Int:  5    God:    Trog [*.....]
Gold:   40         SH:  0    Dex: 15    Spells: 0 memorised, 3 levels left

rFire  . . .     SeeInvis .     a - +0 mace
rCold  . . .     Gourm    .     e - +4 ring mail
rNeg   . . .     Faith    .     (shield restricted)
rPois  .         Spirit   .     (no helmet)
rElec  .         Dismiss  .     j - +0 cloak
rCorr  +         Reflect  .     (no gloves)
SustAt .         Harm     .     (no boots)
MR     .....                    (no amulet)
Stlth  +.........               (no ring)
                                d - ring of resist corrosion

@: exhausted, very slightly contaminated, slowed, invisible, very slow, not
resistant to hostile enchantments, very unstealthy
A: carnivore 3
a: Berserk, Burn Spellbooks, Renounce Religion


You were on level 2 of the Dungeon.
You worshipped Trog.
Trog was aware of your devotion.
You were not hungry.

You visited 1 branch of the dungeon, and saw 2 of its levels.

You collected 40 gold pieces.

Inventory:

Hand Weapons
 a - a +0 mace (weapon)
Armour
 e - a +4 ring mail (worn)
 j - a +0 cloak (worn)
Jewellery
 d - a ring of resist corrosion (left hand)
Scrolls
 b - a scroll of enchant weapon {unknown}
 f - 2 scrolls of remove curse
 h - a scroll of identify
 k - a scroll of teleportation {unknown}
 l - a scroll of fear {unknown}
 n - a scroll of amnesia {unknown}
 o - a scroll of blinking {unknown}
Potions
 g - 2 potions of brilliance
Comestibles
 c - 3 meat rations
 i - a slice of pizza


   Skills:
 + Level 3.7 Fighting
 * Level 3.7 Maces & Flails
 + Level 1.8 Armour
 + Level 3.2 Dodging


You had 3 spell levels left.
You didn't know any spells.

Dungeon Overview and Level Annotations

Branches:
Dungeon (2/15)

Altars:


Innate Abilities, Weirdness & Mutations

You are small and have problems with some larger weapons.
You are carnivorous and can eat meat at any time.


Message History

You kill the gnoll!
Trog accepts your kill.
You have reached level 4!
You are no longer berserk.
You are exhausted.
You feel yourself slow down. The gnoll closely misses you.
The gnoll hits you but does no damage. The gnoll barely misses you.
You see here a spear.
You hit the gnoll.
The gnoll is moderately wounded.
The gnoll barely misses you.
Drink which item? (? for menu, Esc to quit)
It was a potion of invisibility.
You fade into invisibility!
The gnoll barely misses you. The gnoll hits you with a spear.
* * * LOW HITPOINT WARNING * * *
You are very lightly contaminated with residual magic.
You see here a halberd.
The gnoll hits you with a spear!
You die...

#########
#.)g@...#
#.#####<#
#. #.# #.
#.# ..
#.# ##
#.# #.#
#.# #.#


You could see a gnoll.

Vanquished Creatures
  3 gnolls
  A dart slug (D:1)
  3 bats (D:1)
  A giant cockroach (D:1)
  4 goblins (D:1)
  2 giant newts (D:1)
  5 rats (D:1)
19 creatures vanquished.

Notes
Turn   | Place    | Note
--------------------------------------------------------------
     0 | D:1      | Geeful the Kobold Berserker began the quest for the Orb.
     0 | D:1      | Reached XP level 1. HP: 14/14 MP: 1/1
    51 | D:1      | Reached XP level 2. HP: 4/19 MP: 2/2
   481 | D:1      | Reached XP level 3. HP: 23/23 MP: 3/3
  1021 | D:2      | Reached XP level 4. HP: 13/29 MP: 4/4
  1026 | D:2      | Slain by a gnoll

Vault maps used:
D:1:      dpeg_arrival_renting
D:2:      cheibriados_altar_1, gammafunk_temple_overflow_statue,
          kennysheep_generic_room_15, uniq_robin, uniq_crazy_yiuf_cottage

Skill      XL: |  1  2  3 |
---------------+----------+-----
Dodging        | 3 |  3.2
Fighting       | |  3.7
Maces & Flails | |  3.7
Armour         | |  1.8

Action                   |  1- 3 |  4- 6 || total
-------------------------+-------+-------++-------
Melee: Mace              |    51 |     1 ||    52
Invok: Berserk           |     2 |       ||     2
  Use: Scroll            |     2 |       ||     2
       Potion            |       |     1 ||     1
 Stab: Sleeping          |     1 |       ||     1
  Eat: Chunk             |     5 |       ||     5
Armor: Animal skin       |     2 |       ||     2
       Ring mail         |    23 |     1 ||    24
Dodge: Dodged            |    41 |     4 ||    45
